 Dungeon Crawl Stone Soup version 0.29-a0-284-gf9362112df (webtiles) character file.

Game seed: 15699616365504880

3077 being54 the Skirmisher (level 9, -1/57 HPs)
             Began as a Gargoyle Fighter on Mar 21, 2022.
             Was a Priest of Elyvilon.
             Slain by a steam dragon (2 damage)
             ... on level 7 of the Dungeon.
             The game lasted 00:14:27 (8471 turns).

being54 the Skirmisher (Gargoyle Fighter)           Turns: 8471, Time: 00:14:28

Health: -1/57      AC: 18    Str: 24    XL:     9   Next: 89%
Magic:  14/14      EV: 12    Int:  9    God:    Elyvilon [***...]
Gold:   420        SH:  5    Dex:  9    Spells: 8/8 levels left

rFire   . . .      SeeInvis .   b - +4 war axe (freeze)
rCold   . . .      Faith    .   c - +0 buckler
rNeg    + + .      Spirit   .   q - +0 chain mail
rPois   ∞          Reflect  .   (no helmet)
rElec   +          Harm     .   k - +0 cloak
rCorr   .          Rampage  .   (no gloves)
Will    .....      Clarity  +   (no boots)
Stlth   ..........              (no amulet)
HPRegen 0.19/turn               e - ring of positive energy
MPRegen 0.14/turn               h - +4 ring of evasion

@: mighty, attractive
A: sickness immunity, AC +6, negative energy resistance 1, electricity
resistance, torment resistance 1, petrification resistance, clarity
a: Renounce Religion, Purification, Heal Other, Heal Self


You were on level 7 of the Dungeon.
You worshipped Elyvilon.
Elyvilon was most pleased with you.
You visited 2 branches of the dungeon, and saw 9 of its levels.

You collected 420 gold pieces.

Inventory:

Hand Weapons
 a - a +0 flail
 b - a +4 war axe of freezing (weapon)
 w - a +0 short sword of flaming
Armour
 c - a +0 buckler (worn)
 k - a +0 cloak (worn)
 q - a +0 chain mail (worn)
Jewellery
 e - a ring of positive energy (left hand)
 h - a +4 ring of evasion (right hand)
 t - a ring of protection from fire
 v - a ring of ice
 y - an amulet of magic regeneration
Scrolls
 g - 3 scrolls of teleportation
 i - 2 scrolls of holy word
 j - 2 scrolls of fog
Potions
 l - 4 potions of lignification
 m - 2 potions of attraction
 n - 5 potions of resistance {unknown}
 o - 3 potions of magic {unknown}
 p - a potion of invisibility {unknown}
 r - a potion of heal wounds {unknown}
 s - a potion of degeneration {unknown}
 x - a potion of haste {unknown}


   Skills:
 + Level 7.5 Fighting
 - Level 3.9(5.0) Axes
 - Level 5.0(5.7) Maces & Flails
 - Level 7.0 Armour
 * Level 6.5 Shields
 - Level 7.0 Invocations


You had 8 spell levels left.
You didn't know any spells.
Your spell library contained the following spells:

 Spells                   Type           Power      Damage    Failure   Level
 Gell's Gravitas          Tloc           0%         N/A       100%        3
 Lesser Beckoning         Tloc           0%         N/A       100%        3
 Teleport Other           Tloc           0%         N/A       100%        3
 Airstrike                Air            0%         N/A       100%        4
 Summon Lightning Spire   Summ/Air       0%         N/A       100%        4
 Lightning Bolt           Conj/Air       0%         1d11      100%        5


Dungeon Overview and Level Annotations

Branches:
Dungeon (8/15)             Temple (1/1) D:4
   Lair: D:8-11

Altars:
Dithmenos
Elyvilon
Fedhas
Gozag
Hepliaklqana
Makhleb
Nemelex Xobeh
Qazlal
Ru
Sif Muna
Trog
Uskayaw
Vehumet
Wu Jian
Xom
Yredelemnul
Zin
The Shining One

Shops:
D:3 ?   D:5 *


Innate Abilities, Weirdness & Mutations

You are immune to sickness and miasma.
Your stone body is resilient. (AC +6)
You are immune to poison.
You resist negative energy. (rN+)
You are resistant to electric shocks. (rElec)
You are resistant to unholy torment.
You are immune to petrification.
You possess an exceptional clarity of mind.


Message History

The death yak is severely wounded.
You hit the steam dragon. You freeze the steam dragon.
The steam dragon bites you but does no damage.
The steam dragon claws you but does no damage.
The death yak gores you but does no damage.
You slash the death yak! You freeze the death yak.
The death yak is severely wounded.
You closely miss the steam dragon. The steam dragon bites you.
* * * LOW HITPOINT WARNING * * *
You block the steam dragon's attack. The death yak closely misses you.
You feel better.
The steam dragon bites you but does no damage.
The steam dragon misses you. The death yak gores you!
* * * LOW HITPOINT WARNING * * *
You feel better. The steam dragon barely misses you. x2
The death yak closely misses you.
You slash the death yak! You freeze the death yak.
The death yak is almost dead.
You hit the steam dragon. You freeze the steam dragon.
The steam dragon bites you but does no damage.
The steam dragon barely misses you. The death yak misses you.
You block the steam dragon's attack. The steam dragon barely misses you.
The death yak gores you but does no damage.
You slice the death yak!! You freeze the death yak.
You kill the death yak!
You closely miss the steam dragon.
The steam dragon bites you but does no damage.
You block the steam dragon's attack.
Your Shields skill increases to level 6!
You slash the steam dragon! You freeze the steam dragon.
The steam dragon is almost dead.
The steam dragon breathes steam at you. The ball of steam hits you!
* * * LOW HITPOINT WARNING * * *
Unknown command.
It was a potion of attraction.
You feel attractive to monsters.
You are engulfed in a cloud of scalding steam.
The steam dragon bites you.
You die...

#.............###.>..........#
#.###...............#######..#
#.# ###.###.#######.# #..# #.#
#.# #.## #.# #..# #.#
#.###..######.# #..# #.#
#.............# ##..# #.##
######.######## ##...##
...#########.############.....#
.........).((.§§@D...##.......#
.......###[..#######.##.#.....#
.......# #)..# #.##.#..>.##
#.##.#.# #...# #.##.#.####
..##.#.###...#######.......#
#.##.#.....................#
#.##.#.#.##.##.######>.#...##
.....#.#.##.##.######.###.#.###
######.#.##.##.........#..##..#


You could see a steam dragon (catching breath).

Vanquished Creatures
  A death yak (D:7)
  A hornet (D:7)
  Prince Ribbit (D:5)
  An orc warrior (D:6)
  A sky beast (D:5)
  4 ogres
  A centaur (D:7)
  3 kobold brigands
  A phantom (D:5)
  2 scorpions
  3 wights (D:7)
  4 howler monkeys (D:7)
  8 hounds
  4 orc priests
  3 jellies
  3 iguanas
  An orc wizard (D:5)
  9 adders
  2 shadow imps (D:6)
  4 white imps
  4 worms
  3 dart slugs
  9 orcs
  5 bats
  7 endoplasms
  6 giant cockroaches
  8 goblins
  3 hobgoblins
  14 jackals
  22 kobolds
  A quokka (D:1)
  4 ball pythons
  4 frilled lizards
  3 rats
150 creatures vanquished.

Vanquished Creatures (others)
  A bullfrog (D:8)
  An orc (D:8)
2 creatures vanquished.

Grand Total: 152 creatures vanquished

Notes
Turn   | Place    | Note
-------+----------+-------------------------------------------
     0 | D:1      | being54 the Gargoyle Fighter began the quest for the Orb.
     0 | D:1      | Reached XP level 1. HP: 14/14 MP: 1/1
    10 | D:1      | Found a faded altar of an unknown god.
   151 | D:1      | Reached XP level 2. HP: 19/19 MP: 2/2
   225 | D:1      | HP: 1/20 [goblin/+0 dagger (1)]
   230 | D:1      | Reached XP level 3. HP: 2/24 MP: 3/3
  1359 | D:2      | Reached XP level 4. HP: 29/29 MP: 4/4
  2120 | D:3      | Noticed an ogre
  2135 | D:3      | Killed an ogre
  2136 | D:3      | Reached XP level 5. HP: 8/34 MP: 5/5
  2713 | D:3      | Found a shimmering altar of Xom.
  2714 | D:3      | Gained mutation: You are somewhat resistant to further
                  | mutation. [potion of mutation]
  2714 | D:3      | Gained mutation: You are agile. (Dex +2) [potion of
                  | mutation]
  2715 | D:3      | Lost mutation: You are agile. (Dex +2) [potion of mutation]
  2715 | D:3      | Lost mutation: You are somewhat resistant to further
                  | mutation. [potion of mutation]
  2715 | D:3      | Gained mutation: You have sharp toenails. [potion of
                  | mutation]
  2715 | D:3      | Gained mutation: You passively map a small area around you.
                  | [potion of mutation]
  2716 | D:3      | Lost mutation: You have sharp toenails. [potion of
                  | mutation]
  2716 | D:3      | Lost mutation: You passively map a small area around you.
                  | [potion of mutation]
  2716 | D:3      | Gained mutation: You possess an exceptional clarity of
                  | mind. [potion of mutation]
  2797 | D:3      | Reached skill level 5 in Maces & Flails
  2798 | D:3      | Found a hide-covered altar of Uskayaw.
  2981 | D:3      | Reached skill level 5 in Fighting
  2981 | D:3      | Reached XP level 6. HP: 38/40 MP: 6/6
  3004 | D:3      | Found Qualur's Magic Scroll Emporium.
  3616 | D:4      | Reached XP level 7. HP: 25/44 MP: 7/7
  3953 | D:4      | Found a staircase to the Ecumenical Temple.
  3961 | Temple   | Entered the Ecumenical Temple
  4407 | D:4      | Found a white marble altar of Elyvilon.
  4420 | D:4      | Became a worshipper of Elyvilon the Healer
  4502 | D:5      | Entered Level 5 of the Dungeon
  4703 | D:5      | Reached skill level 5 in Armour
  4718 | D:5      | Noticed Prince Ribbit
  4741 | D:5      | Killed Prince Ribbit
  4984 | D:5      | Found an opulent altar of Gozag.
  5036 | D:5      | Reached XP level 8. HP: 17/51 MP: 8/8
  5322 | D:5      | Reached skill level 5 in Shields
  5599 | D:5      | Reached * piety under Elyvilon
  5940 | D:5      | Found Niusofiyb's Gadget Gallery.
  6165 | D:5      | Reached skill level 1 in Axes
  6326 | D:6      | Reached skill level 1 in Invocations
  6758 | D:6      | Found a shadowy altar of Dithmenos.
  6866 | D:6      | Reached ** piety under Elyvilon
  6963 | D:6      | Found a sparkling altar of Nemelex Xobeh.
  7105 | D:7      | Noticed a hornet
  7120 | D:7      | Killed a hornet
  7121 | D:7      | Reached XP level 9. HP: 15/57 MP: 9/11
  7687 | D:7      | Reached skill level 5 in Invocations
  7708 | D:7      | HP: 2/57 [centaur/arrow (12)]
  8303 | D:7      | Reached *** piety under Elyvilon
  8451 | D:8      | Noticed a death yak
  8456 | D:8      | Noticed a death yak
  8458 | D:8      | Noticed a death yak
  8461 | D:7      | Elyvilon protects you from harm!
  8469 | D:7      | Killed a death yak
  8470 | D:7      | HP: 1/57 [steam dragon/ball of steam (15)]
  8471 | D:7      | Slain by a steam dragon

Illustrated notes

Levels and vault maps discovered:
D:1:      dpeg_arrival_radiant, layout_rooms, basic_ecumenical_altar
D:2:      layout_basic
D:3:      layout_loops_corners, lemuel_crystal_altar,
          nicolae_uskayaw_dance_hall, serial_shops, shop_fountains
D:4:      layout_basic, elyvilon_altar_1, minmay_temple_entry_trees,
          grunt_decor_resistance
D:5:      layout_loops_corners, mainiacjoe_overflow_paths,
          amcnicky_mini_rare_corridor_liquid, st_stairs_6, nicolae_shop_gadgets,
          uniq_prince_ribbit1
D:6:      layout_basic, nemelex_xobeh_ov_fountains_minmay,
          nicolae_dithmenos_through_a_glass_darkly
D:7:      layout_loops_ring
D:8:      cheibrodos_barr_body, layout_basic, lemuel_round_altar,
          gammafunk_temple_overflow_pools, dpeg_lair_monsters
Temple:   minmay_temple_bridge_abc

Skill      XL: |  1  2  3  4  5  6  7  8  9 |
---------------+----------------------------+-----
Maces & Flails | 3 4 5 |  5.0
Fighting       | 4 5 6 7 |  7.5
Armour         | 4 6 7 |  7.0
Shields        | 4 5 6 |  6.5
Axes           | 3 |  3.9
Invocations    | 3 7 |  7.0

Action                   |  1- 3 |  4- 6 |  7- 9 || total
-------------------------+-------+-------+-------++-------
Melee: Flail             |   129 |   155 |   104 ||   388
       War axe           |       |       |   122 ||   122
  Use: Scroll            |     3 |     3 |     5 ||    11
       Potion            |       |     3 |     7 ||    10
Armor: Scale mail        |   117 |    56 |       ||   173
       Chain mail        |       |       |   105 ||   105
Dodge: Dodged            |   103 |    95 |   141 ||   339
Block: Buckler           |    53 |    38 |    47 ||   138

Table legend: (Time is in decaauts)
 A = Elapsed time spent in this place.
 B = Non-inter-level travel time spent in this place.
 C = Inter-level travel time spent in this place.
 D = Time resting spent in this place.
 E = Time spent auto-exploring this place.
 F = Levels seen in this place.
 G = Mean time per level.
                   A        B        C        D        E       F      G
               +--------+--------+--------+--------+--------+-----+--------+
         Total |   8600 |   8390 |    210 |   2232 |   5064 |   9 |  955.6 |
       Dungeon |   8403 |   8218 |    185 |   2232 |   4897 |   8 | 1050.4 |
        Temple |    197 |    172 |     25 |      0 |    167 |   1 |  197.0 |
               +--------+--------+--------+--------+--------+-----+--------+

Top non-repeatable levels by time:
     D:5: 1843 daAuts
     D:7: 1380 daAuts
     D:3: 1203 daAuts
     D:1: 1165 daAuts
     D:4: 1018 daAuts
     D:2: 988 daAuts
     D:6: 792 daAuts
  Temple: 197 daAuts
     D:8: 10 daAuts
